 Dungeon Crawl Stone Soup version 0.20.0-15-g7f486f2 (webtiles) character file.

11827 Hook the Thaumaturge (level 11, -17/88 HPs)
             Began as a Purple Draconian Transmuter on June 26, 2017.
             Was an Elder of Makhleb.
             Demolished by a spiny frog (18 damage)
             ... on level 1 of the Lair of Beasts.
             The game lasted 00:57:23 (15209 turns).

Hook the Thaumaturge (Purple Draconian Transmuter) Turns: 15209, Time: 00:57:24

Health: -17/88     AC:  7    Str: 13    XL:     11   Next: 54%
Magic:  19/25      EV: 15    Int: 17    God:    Makhleb [****..]
Gold:   600        SH:  5    Dex: 11    Spells: 16/31 levels left

rFire    . . .     SeeInvis +     - Unarmed
rCold    . . .     Gourm    .   (shield currently unavailable)
rNeg     . . .     Faith    .   (armour unavailable)
rPois    +         Spirit   .   (helmet restricted)
rElec    .         Reflect  +   (no cloak)
rCorr    .         Harm     .   (gloves currently unavailable)
MR       +....                  (no boots)
Stlth    +.........             q - +5 amulet of reflection
Regen    0.3/turn               n - +5 ring of slaying
MPRegen  0.2/turn               E - ring of see invisible

@: blade hands, flying
A: breathe power, unfitting armour, big wings, poison resistance, cold-blooded,
AC +7
a: Breathe Dispelling Energy, Stop Flying, End Transformation, Minor
Destruction, Lesser Servant of Makhleb, Major Destruction, Renounce Religion


You were on level 1 of the Lair of Beasts.
You worshipped Makhleb.
Makhleb was greatly pleased with you.
You were not hungry.
You had blades for hands.
You visited 3 branches of the dungeon, and saw 14 of its levels.

You collected 600 gold pieces.

Inventory:

Missiles
 a - 206 arrows
 B - 10 tomahawks
 C - 6 silver javelins (quivered)
Armour
 i - a +2 hat
Jewellery
 l - a +5 ring of intelligence
 n - a +5 ring of slaying (left scythe-like blade)
 q - a +5 amulet of reflection (around neck)
 r - a +3 ring of intelligence
 E - a ring of see invisible (right scythe-like blade)
Wands
 t - a wand of paralysis (20/24)
 w - a wand of iceblast (6/15)
 z - a wand of acid (8/15)
 D - a wand of confusion (19/48)
 G - a wand of disintegration (9/24)
Scrolls
 d - 6 scrolls of remove curse
 f - 3 scrolls of recharging
 g - 3 scrolls of amnesia
 k - 3 scrolls of immolation
 m - 2 scrolls of teleportation
 p - a scroll of fog
 v - 7 scrolls of magic mapping
 x - 6 scrolls of identify
 y - 3 scrolls of enchant weapon
 F - a scroll of brand weapon
 H - a scroll of silence {unknown}
Potions
 e - a potion of curing
 h - 2 potions of haste
 j - 2 potions of mutation
 o - 2 potions of flight
 A - a potion of brilliance {unknown}
 J - a potion of agility
Books
 b - a book of Changes

   Spells                             Type                      Level
   a - Beastly Appendage              Transmutation                1
   b - Sticks to Snakes               Transmutation                2
   c - Spider Form                    Transmutation/Poison         3
   d - Ice Form                       Ice/Transmutation            4
   e - Blade Hands                    Transmutation                5
Miscellaneous
 u - a phial of floods
Comestibles
 c - 3 bread rations
 s - 5 royal jellies
 I - a meat ration


   Skills:
 * Level 5.2 Fighting
 + Level 0.1 Throwing
 * Level 6.9 Dodging
 + Level 9.0 Unarmed Combat
 * Level 10.5 Spellcasting
 - Level 8.8 Transmutations
 * Level 3.0 Ice Magic
 - Level 5.0 Poison Magic


You had 16 spell levels left.
You knew the following spells:

 Your Spells              Type           Power        Failure   Level  Hunger
a - Beastly Appendage     Tmut           #####.       9%          1    None
b - Spider Form           Tmut/Pois      ####......   17%         3    None
c - Sticks to Snakes      Tmut           #####...     10%         2    None
d - Ice Form              Ice/Tmut       ####....     38%         4    ###....
e - Blade Hands           Tmut           #####.....   36%         5    #####..


Dungeon Overview and Level Annotations

Branches:
Dungeon (12/15)            Temple (1/1) D:7            Lair (1/6) D:9
    Orc (0/2) D:10

Altars:
Ashenzari
Cheibriados
Dithmenos
Elyvilon
Fedhas
Hepliaklqana
Kikubaaqudgha
Makhleb
Nemelex Xobeh
Okawaru
Qazlal
Trog
Vehumet
Yredelemnul
The Shining One


Innate Abilities, Weirdness & Mutations

You can breathe bolts of dispelling energy.
Your rich purple scales are hard. (AC +7)
You cannot fit into any form of body armour.
You are cold-blooded and may be slowed by cold attacks.
Your large and strong wings let you fly indefinitely.
Your system is resistant to poisons. (rPois)


Message History

Your adder closely misses the spiny frog.
The spiny frog stings your adder but does no damage.
The yak misses you.
You slice the spiny frog!!
You tail-slap the spiny frog, but do no damage.
Your slash misses the spiny frog.
The spiny frog is heavily wounded.
The yak gores you but does no damage.
Your adder barely misses the spiny frog.
The spiny frog stings you.
* * * LOW HITPOINT WARNING * * *
You barely miss the spiny frog.
The spiny frog is heavily wounded.
The yak gores you!
* * * LOW HITPOINT WARNING * * *
The yak gores you!
* * * LOW HITPOINT WARNING * * *
Your adder completely misses the spiny frog.
The spiny frog stings you!!
You die...

..............#..#
..##.
..............#.## .##
..............#[.# ...#
................####..#
###...................#
.............##...#.##
#...........###.......
##..###.#PSY......
..........@F...(..
...........Y..####
##....##.###..# #....
### ..# ...... ...
..... .... ..... ....
....


You could see 2 yaks, a spiny frog and a friendly adder.

Vanquished Creatures
  A tengu warrior (D:10)
  The ghost of systemy the Cleaver, a novice MiBe of Trog (D:8)
  An unseen horror (D:10)
  A gargoyle (D:10)
  A spiny frog (Lair:1)
  A kobold demonologist (D:11)
  A meliai (D:10)
  A troll (D:9)
  A queen bee (D:9)
  A hippogriff (D:10)
  5 yaks
  3 wraiths (D:10)
  2 wyverns
  2 hungry ghosts (D:9)
  A water moccasin (Lair:1)
  A porcupine (Lair:1)
  3 sky beasts
  4 orc warriors
  A necrophage (D:6)
  8 centaurs
  A phantom (D:5)
  3 ogres
  3 crocodiles (Lair:1)
  5 bullfrogs
  A wyvern zombie (D:8)
  3 scorpions
  A wyvern skeleton (D:11)
  17 killer bees
  A wight (D:7)
  3 howler monkeys
  8 crimson imps
  A centaur zombie (D:10)
  7 hounds
  2 jellies
  A bullfrog skeleton (D:11)
  4 orc priests
  4 orc wizards
  A centaur skeleton (D:11)
  3 iguanas
  11 worker ants
  Ijyb (D:3)
  A hound zombie (D:7)
  2 worker ant zombies (D:11)
  8 adders
  5 gnolls
  A howler monkey skeleton (D:6)
  A shadow imp (D:6)
  An ooze (D:2)
  2 adder skeletons
  4 dart slugs
  2 leopard geckos
  44 orcs
  A ball python (D:2)
  5 giant cockroaches
  7 goblins
  8 hobgoblins
  A jackal (D:10)
  A quokka (D:4)
  9 bats
  7 frilled lizards
  A goblin zombie (D:4)
  A jackal zombie (D:6)
  4 kobolds
  A leopard gecko skeleton (D:3)
  8 rats
246 creatures vanquished.

Vanquished Creatures (collateral kills)
  A two-headed ogre (D:8)
  The ghost of skittles the Slinger, a novice HaHu of Okawaru (D:7)
  A cyclops (D:11)
  The ghost of pib the Conjurer, a novice OpCj (D:6)
  A centaur skeleton (D:11)
  A hippogriff (D:8)
  A basilisk (D:9)
  A water moccasin (D:11)
  A black bear (D:6)
  2 eyes of draining
  An ogre (D:7)
  3 killer bees
  3 wights (D:7)
  A crimson imp (D:7)
  2 hounds (D:11)
  A gnoll shaman (D:8)
  2 gnolls (D:8)
  An adder (D:6)
  18 orcs
  2 jackals (D:11)
45 creatures vanquished.

Grand Total: 291 creatures vanquished

Notes
Turn   | Place    | Note
-------+----------+-------------------------------------------
     0 | D:1      | Hook the Draconian Transmuter began the quest for the Orb.
     0 | D:1      | Reached XP level 1. HP: 16/16 MP: 3/3
   400 | D:1      | Reached XP level 2. HP: 23/23 MP: 3/5
   879 | D:2      | Reached XP level 3. HP: 23/28 MP: 4/6
  1011 | D:2      | Learned a level 3 spell: Spider Form
  1023 | D:2      | Learned a level 2 spell: Sticks to Snakes
  1109 | D:2      | Gained mutation: You have large cloven feet. [potion of mutation]
  1109 | D:2      | Gained mutation: You are robust. (+10% HP) [potion of mutation]
  1109 | D:2      | Gained mutation: You have sharp fingernails. [potion of mutation]
  1325 | D:2      | You fall through a shaft for 2 floors!
  1931 | D:3      | Reached XP level 4. HP: 38/38 MP: 2/7
  2214 | D:3      | Noticed Ijyb
  2216 | D:3      | Paralysed by Ijyb for 7 turns
  2227 | D:3      | Paralysed by Ijyb for 4 turns
  2232 | D:3      | Killed Ijyb
  2232 | D:3      | Reached XP level 5. HP: 18/44 MP: 4/8
  2590 | D:4      | Found a glowing golden altar of the Shining One.
  2596 | D:4      | Found a shattered altar of Ashenzari.
  2685 | D:4      | Reached skill level 1 in Poison Magic
  3479 | D:5      | Entered Level 5 of the Dungeon
  3479 | D:5      | Noticed a sky beast
  3540 | D:5      | Killed a sky beast
  3540 | D:5      | Reached XP level 6. HP: 51/51 MP: 3/10
  3708 | D:5      | Reached skill level 3 in Spellcasting
  4895 | D:5      | Your scales start taking on a rich purple colour.
  4895 | D:5      | Reached skill level 4 in Spellcasting
  4895 | D:5      | Reached XP level 7. HP: 33/57 MP: 2/13
  5309 | D:6      | Reached skill level 5 in Transmutations
  5669 | D:6      | Noticed pib's ghost (novice OpCj)
  5698 | D:4      | Found an iron altar of Okawaru.
  5698 | D:4      | Found a basalt altar of Yredelemnul.
  5698 | D:4      | Found a shadowy altar of Dithmenos.
  5756 | D:6      | Reached skill level 5 in Unarmed Combat
  5776 | D:6      | Killed pib's ghost
  5780 | D:6      | Reached XP level 8. HP: 55/64 MP: 3/15
  6513 | D:7      | Reached skill level 5 in Spellcasting
  6639 | D:7      | Found a staircase to the Ecumenical Temple.
  6703 | Temple   | Entered the Ecumenical Temple
  6749 | Temple   | Became a worshipper of Makhleb the Destroyer
  7044 | D:7      | Noticed skittles's ghost (novice HaHu)
  7870 | D:8      | Noticed systemy's ghost (novice MiBe)
  8018 | D:7      | Killed skittles's ghost
  8018 | D:7      | Reached XP level 9. HP: 14/73 MP: 1/17
  8304 | D:7      | Learned a level 4 spell: Ice Form
  8418 | D:8      | Killed systemy's ghost
  8418 | D:8      | Reached skill level 5 in Dodging
  8418 | D:8      | Reached skill level 6 in Spellcasting
  8679 | D:8      | Reached skill level 5 in Poison Magic
  9406 | D:9      | Found a staircase to the Lair.
  9516 | D:9      | Noticed a troll
  9529 | D:9      | Killed a troll
  9662 | D:9      | Reached * piety under Makhleb
  9987 | D:8      | Reached skill level 7 in Spellcasting
 10037 | D:9      | Reached XP level 10. HP: 35/84 MP: 15/20
 10302 | D:8      | Noticed a two-headed ogre
 10583 | D:8      | Killed a two-headed ogre
 10593 | D:8      | Learned a level 5 spell: Blade Hands
 11373 | D:9      | Reached ** piety under Makhleb
 11403 | D:10     | Entered Level 10 of the Dungeon
 11683 | D:10     | Reached skill level 8 in Spellcasting
 12061 | D:10     | Found a staircase to the Orcish Mines.
 12475 | D:11     | Reached *** piety under Makhleb
 12836 | D:11     | Reached skill level 1 in Ice Magic
 13162 | D:11     | Reached skill level 9 in Spellcasting
 13473 | D:11     | Noticed a cyclops
 13503 | D:11     | Killed a cyclops
 13503 | D:11     | Reached XP level 11. HP: 40/92 MP: 1/24
 13755 | D:11     | Found a shattered altar of Ashenzari.
 13907 | D:10     | Noticed an unseen horror
 13913 | D:10     | Killed an unseen horror
 14121 | D:10     | Noticed a tengu warrior
 14412 | D:12     | Lost mutation: You have sharp fingernails. [potion of mutation]
 14412 | D:12     | Lost mutation: You have large cloven feet. [potion of mutation]
 14412 | D:12     | Lost mutation: You are robust. (+10% HP) [potion of mutation]
 14412 | D:12     | Gained mutation: You are clumsy. (Dex -2) [potion of mutation]
 14412 | D:12     | Gained mutation: You are robust. (+10% HP) [potion of mutation]
 14413 | D:12     | Lost mutation: You are clumsy. (Dex -2) [potion of mutation]
 14413 | D:12     | Lost mutation: You are robust. (+10% HP) [potion of mutation]
 14413 | D:12     | Gained mutation: Your system is resistant to poisons. (rPois) [potion of mutation]
 14413 | D:12     | Gained mutation: Your large and strong wings let you fly indefinitely. [potion of mutation]
 14440 | D:12     | Noticed an eight-headed hydra
 14477 | D:10     | Killed a tengu warrior
 14481 | D:10     | Reached skill level 10 in Spellcasting
 14629 | D:10     | Reached **** piety under Makhleb
 14666 | D:10     | Noticed a skeletal warrior
 14667 | D:10     | Noticed a centaur warrior
 14686 | D:10     | Reached skill level 5 in Fighting
 15103 | Lair:1   | Entered Level 1 of the Lair of Beasts
 15209 | Lair:1   | HP: 1/88 [yak (9)]
 15209 | Lair:1   | Demolished by a spiny frog

Skill      XL: |  1  2  3  4  5  6  7  8  9 10 11 |
---------------+----------------------------------+-----
Dodging        | 2 3 4 5 6 |  6.9
Transmutations | 3 4 5 7 8 |  8.8
Unarmed Combat | 4 5 6 7 8 9 |  9.0
Poison Magic   | 1 2 3 4 5 |  5.0
Spellcasting   | 4 5 7 9 10 | 10.5
Fighting       | 3 4 5 |  5.2
Ice Magic      | 1 3 |  3.0
Throwing       | |  0.1

Action                   |  1- 3 |  4- 6 |  7- 9 | 10-12 || total
-------------------------+-------+-------+-------+-------++-------
Melee: Unarmed           |   129 |   164 |   313 |   317 ||   923
       Kick              |    14 |    25 |    30 |    28 ||    97
       Tailslap          |    18 |    11 |    17 |    25 ||    71
       Headbutt          |     4 |    16 |    18 |     7 ||    45
       Punch             |     1 |     1 |     3 |     7 ||    12
       Staff             |       |       |       |     4 ||     4
Throw: Javelin           |       |       |     2 |     2 ||     4
 Cast: Beastly Appendage |    29 |    19 |    28 |    18 ||    94
       Spider Form       |     3 |     8 |    17 |     6 ||    34
       Sticks to Snakes  |       |    11 |    49 |    36 ||    96
       Ice Form          |       |       |     1 |     6 ||     7
       Blade Hands       |       |       |       |    20 ||    20
 Abil: Breathe Dispellin |       |       |       |     4 ||     4
       Fly               |       |       |       |     2 ||     2
       Stop Flying       |       |       |       |     1 ||     1
Evoke: Phial of floods   |       |       |     1 |       ||     1
  Use: Scroll            |     7 |     2 |     4 |     3 ||    16
       Potion            |     1 |     4 |     8 |     6 ||    19
 Stab: Distracted        |       |       |     2 |     1 ||     3
  Eat: Chunk             |     1 |     4 |     3 |     1 ||     9
       Fruit             |     1 |     2 |       |       ||     3
       Royal jelly       |     1 |     1 |     1 |     3 ||     6
       Meat ration       |       |     1 |     1 |     1 ||     3
       Bread ration      |       |       |     3 |     2 ||     5
Armor: Skin              |    29 |    17 |    42 |    69 ||   157
Dodge: Dodged            |    80 |    81 |   220 |   324 ||   705
Block: Other             |     1 |    40 |    87 |    95 ||   223
       Reflection        |       |     1 |     4 |     6 ||    11
